 Dungeon Crawl Stone Soup version 0.17-a0-737-gf0a300a (webtiles) character file.

718 Ngotmuk the Covered (level 7, 0/66 HPs)
             Began as a Deep Dwarf Fighter on Apr 26, 2015.
             Was an Initiate of Ru.
             Slain by a scorpion (1 damage)
             ... on level 6 of the Dungeon.
             The game lasted 00:06:20 (3493 turns).

Ngotmuk the Covered (Deep Dwarf Fighter)            Turns: 3493, Time: 00:06:21

Health: 0/66       AC: 14    Str: 22      XL:     7   Next: 42%
Magic:  7/7        EV:  4    Int:  8      God:    Ru [......]
Gold:   331        SH: 10    Dex:  9 (12) Spells: 0 memorised, 6 levels left

rFire  . . .     SeeInvis .     r - +1 short sword (vamp)
rCold  . . .     Clarity  .     o - +0 plate armour
rNeg   . . .     SustAb   .     c - +0 shield
rPois  .         Gourm    .     z - +0 helmet (curse)
rElec  .         Spirit   .     (no cloak)
rCorr  .         Warding  .     (no gloves)
rMut   .         Stasis   .     (no boots)
MR     +....                    (no amulet)
Stlth  ..........               (no ring)
                                w - ring of stealth

@: lethally poisoned (0 -> -2), non-regenerating, somewhat resistant to hostile
enchantments, extremely unstealthy
A: damage resistance, recharge devices, sense surroundings 1, slow healing 3
a: Device Recharging, Renounce Religion


You were on level 6 of the Dungeon.
You worshipped Ru.
Ru was noncommittal.
You were not hungry.

You visited 2 branches of the dungeon, and saw 7 of its levels.

You collected 331 gold pieces.

Inventory:

Hand weapons
 r - a +1 vampiric short sword (weapon)
Armour
 c - a +0 shield (worn)
 o - a +0 plate armour (worn)
 z - a cursed +0 helmet (worn)
Jewellery
 w - a ring of stealth (left hand)
Magical devices
 e - a wand of heal wounds (4)
 f - a wand of flame (19)
 x - a wand of frost (20)
 y - a wand of enslavement (10)
Scrolls
 h - 4 scrolls of remove curse {unknown}
 i - a scroll of blinking {unknown}
 l - 2 scrolls of recharging {unknown}
 m - 2 scrolls of enchant weapon {unknown}
 n - 8 scrolls of identify {unknown}
 p - a scroll of fear {unknown}
 q - 4 scrolls of magic mapping {unknown}
 u - a scroll of noise {unknown}
 A - 2 scrolls of teleportation {unknown}
Potions
 a - a potion of berserk rage {unknown}
 d - a potion of might
 g - 3 potions of agility {unknown}
 k - a potion of restore abilities {unknown}
 s - a potion of poison {unknown}
 t - a potion of brilliance {unknown}
 v - a potion of cancellation {unknown}
Comestibles
 b - a meat ration
 j - 3 fruits


   Skills:
 + Level 4.9 Fighting
   Level 3.7 Axes
 + Level 6.0 Armour
 + Level 5.6 Shields


You had 6 spell levels left.
You didn't know any spells.

Dungeon Overview and Level Annotations

Branches:
Dungeon (6/15)             Temple (1/1) D:4

Altars:
Ashenzari
Cheibriados
Dithmenos
Fedhas
Gozag
Okawaru
Ru
Sif Muna
Trog
Vehumet
Yredelemnul
Zin
The Shining One
Jiyva

Annotations:
D:6 Dowan


Innate Abilities, Weirdness & Mutations

You are resistant to damage.
You can recharge devices by infusing magical energy.
You passively map a small area around you.
You do not heal naturally.


Message History

The scorpion is moderately wounded.
* * * LOW HITPOINT WARNING * * *
You feel very sick. The scorpion stings you.
* * * LOW HITPOINT WARNING * * *
Your shield and plate armour prevent you from hitting the scorpion.
The scorpion is moderately wounded.
* * * LOW HITPOINT WARNING * * *
You feel very sick.
The scorpion stings you but does no damage.
You hit the scorpion but do no damage.
The scorpion is moderately wounded.
* * * LOW HITPOINT WARNING * * *
You feel sick. You block the scorpion's attack.
Your shield and plate armour prevent you from hitting the scorpion.
The scorpion is moderately wounded.
* * * LOW HITPOINT WARNING * * *
You feel very sick. The scorpion stings you.
You die...

####+#.##.###
#.......#...#
#......##.#)##,
#............#,
#............#*
,* #.<...._..#
###.......# ,
#.#.....#
#.##@####
*#.##s#
..##e..e#*
#######e# * ,#
, * , ,*** *, ,
* *


You could see Dowan and a scorpion.

Vanquished Creatures
  Duvessa (D:6)
  2 ogres
  A giant frog (D:5)
  A scorpion (D:5)
  A crimson imp (D:3)
  A jelly (D:5)
  2 orc wizards
  A giant frog skeleton (D:4)
  A quasit (D:6)
  4 adders
  A shadow imp (D:5)
  An ooze (D:2)
  A worm (D:2)
  13 orcs
  2 ball pythons
  6 giant cockroaches
  2 gnoll zombies (D:2)
  9 goblins
  14 hobgoblins
  4 jackals (D:4)
  4 kobolds
  12 bats
  4 giant newts
  A jackal skeleton (D:5)
  6 rats
95 creatures vanquished.

Notes
Turn   | Place    | Note
--------------------------------------------------------------
     0 | D:1      | Ngotmuk, the Deep Dwarf Fighter, began the quest for the Orb.
     0 | D:1      | Reached XP level 1. HP: 20/20 MP: 1/1
   242 | D:1      | Reached XP level 2. HP: 25/27 MP: 2/2
   637 | D:2      | Reached XP level 3. HP: 20/34 MP: 3/3
  1315 | D:2      | Found a basalt altar of Yredelemnul.
  1519 | D:3      | Found a snail-covered altar of Cheibriados.
  1568 | D:3      | Reached skill level 4 in Armour
  1568 | D:3      | Reached XP level 4. HP: 19/42 MP: 4/4
  1710 | D:3      | Found a shadowy altar of Dithmenos.
  2033 | D:4      | Reached XP level 5. HP: 46/49 MP: 5/5
  2103 | D:4      | Found a glowing silver altar of Zin.
  2222 | D:4      | Found a sacrificial altar of Ru.
  2248 | D:4      | Became a worshipper of Ru the Awakened
  2348 | D:4      | Noticed an ogre
  2360 | D:4      | Killed an ogre
  2360 | D:4      | Reached XP level 6. HP: 36/57 MP: 6/6
  2379 | D:4      | Found a staircase to the Ecumenical Temple.
  2397 | Temple   | Entered the Ecumenical Temple
  2659 | D:4      | Reached skill level 5 in Armour
  2780 | D:5      | Entered Level 5 of the Dungeon
  3129 | D:5      | Found an iron altar of Okawaru.
  3148 | D:5      | HP: 1/57 [ogre/giant spiked club (12)]
  3152 | D:5      | Reached skill level 5 in Shields
  3170 | D:5      | HP: 1/58 [orc/flail of protection (4)]
  3208 | D:5      | Reached XP level 7. HP: 28/66 MP: 7/7
  3454 | D:6      | Found a deep blue altar of Sif Muna.
  3467 | D:6      | Noticed Dowan
  3468 | D:6      | Noticed Duvessa
  3483 | D:6      | Killed Duvessa
  3483 | D:6      | Reached skill level 6 in Armour
  3493 | D:6      | HP: 1/66 [poisoned by a scorpion]
  3493 | D:6      | Slain by a scorpion

Action                   |  1- 3 |  4- 6 |  7- 9 || total
-------------------------+-------+-------+-------++-------
Melee: War axe           |   102 |       |       ||   102
       Short sword       |       |   288 |    51 ||   339
Evoke: Wand              |       |     1 |       ||     1
 Stab: Paralysed         |       |     2 |       ||     2
       Invisible         |       |     1 |       ||     1
  Eat: Bread ration      |     1 |     1 |       ||     2
       Fruit             |       |     1 |       ||     1
       Meat ration       |       |     1 |       ||     1
